 Dungeon Crawl Stone Soup version 0.30-a0-1114-gd936c97349 (webtiles) character file.

Game seed: 11857771162259139237

42590 meatpath the Warrior (level 14, -13/114 HPs)
             Began as a Djinni Gladiator on Apr 19, 2023.
             Was the Champion of Makhleb.
             Mangled by a death yak (17 damage)
             ... on level 5 of the Lair of Beasts on Apr 20, 2023.
             The game lasted 01:26:21 (17888 turns).

meatpath the Warrior (Djinni Gladiator)            Turns: 17888, Time: 01:26:22

Health: -13/114    AC: 18    Str: 13    XL:     14   Next: 56%
Gold:   1331       EV: 20    Int: 13    God:    Makhleb [******] SH:  0 Dex: 17

rFire   + . .      SeeInvis .    x - +8 demon trident "Rift" {distort, reach+}
rCold   + . .      Faith    +    (no shield)
rNeg    . . .      Spirit   .    v - +0 ice dragon scales
rPois   ∞          Reflect  .    c - +1 helmet
rElec   .          Rampage  .    L - +0 cloak
rCorr   +                        a - +1 pair of gloves
Will    +....                    (boots unavailable) Stlth
                                 H - amulet of faith
HPRegen 0.39/turn                M - ring of resist corrosion
MPRegen 0.00/turn                V - +5 ring of evasion

@: mighty, silenced, flying
A: sickness immunity, fire resistance 2, cold vulnerability 1, float, innate
caster, HP casting, extra vitality 1
a: Renounce Religion


You were on level 5 of the Lair of Beasts.
You worshipped Makhleb.
Makhleb was exalted by your worship.
You visited 2 branches of the dungeon, and saw 18 of its levels.
You also visited: Ossuary and Bailey.

You collected 1331 gold pieces.

Inventory:

Hand Weapons
 x - the +8 demon trident "Rift" (weapon) {distort, reach+}
   (You took it off a kobold on level 4 of the Dungeon)
Missiles
 d - 3 throwing nets (quivered)
Armour
 a - a +1 pair of gloves (worn)
 c - a +1 helmet (worn)
 k - a +1 ring mail of fire resistance
 v - +0 ice dragon scales (worn)
 L - a +0 cloak (worn)
 N - +0 acid dragon scales
Magical Staves
 e - a staff of earth
Jewellery
 E - an amulet of regeneration
 H - an amulet of faith (around neck)
 M - a ring of resist corrosion (left hand)
 P - a +6 ring of intelligence
 V - a +5 ring of evasion (right hand)
 X - the ring of Yqafij {Dex+2 SInv}
   (You found it on level 3 of the Lair of Beasts)

   [ring of see invisible]

   Dex:       It affects your dexterity (+2).
   SInv:      It lets you see invisible.
Wands
 b - a wand of quicksilver (5)
 f - a wand of flame (61)
 p - a wand of iceblast (19)
 q - a wand of charming (26)
 D - a wand of polymorph (10)
 R - a wand of mindburst (10)
Scrolls
 g - 3 scrolls of amnesia
 i - 4 scrolls of poison
 j - 11 scrolls of teleportation
 l - 5 scrolls of fog
 o - 7 scrolls of enchant armour
 s - 2 scrolls of immolation
 z - 4 scrolls of enchant weapon
 A - 2 scrolls of silence
 C - a scroll of vulnerability {unknown}
 J - a scroll of brand weapon {unknown}
 S - a scroll of torment {unknown}
Potions
 m - 4 potions of mutation
 n - 6 potions of lignification
 r - 4 potions of brilliance
 t - 10 potions of curing
 w - 3 potions of might
 B - a potion of resistance
 G - 3 potions of cancellation
 O - 2 potions of attraction
 Q - a potion of ambrosia
 W - a potion of berserk rage
 Y - a potion of invisibility
Miscellaneous
 K - a phial of floods
 Z - a phantom mirror


   Skills:
 + Level 15.0 Fighting
 - Level 3.5 Long Blades
 - Level 9.0 Polearms
 - Level 1.5 Throwing
 + Level 8.3 Armour
 - Level 14.0 Dodging
 - Level 3.5 Spellcasting
 - Level 3.0 Invocations


You knew the following spells:

 Your Spells              Type           Power      Damage    Failure   Level
a - Sting                 Tmut/Pois      44%        1d5       26%         1
b - Poisonous Vapours     Pois/Air       22%        N/A       36%         2
c - Wereblood             Tmut           11%        N/A       36%         2
d - Confusing Touch       Hex            11%        N/A       58%         3
e - Fireball              Conj/Fire      5%         3d5       100%        5
f - Iskenderun's Battles  Conj           11%        2d7       100%        5
Your spell library was empty.


Dungeon Overview and Level Annotations

Branches:
Dungeon (13/15)            Temple (0/1) D:7            Lair (5/5) D:10
  Swamp (0/4) Lair:2       Spider (0/4) Lair:3          Orc (0/2) D:11
 Vaults (0/5) D:13        Ossuary (visited)          Bailey (visited)
  Slime: Lair:4-5

Altars:
Cheibriados
Dithmenos
Hepliaklqana
Makhleb
Nemelex Xobeh
Qazlal
Uskayaw
Wu Jian
Xom
Zin
The Shining One

Shops:
D:4 :   D:6 (*[**[   D:8 (

Portals:
Abyss: Lair:3

Annotations:
D:4 3 runed translucent doors, Darkkill's ghost, amateur MiHu
Lair:1 2 transporters, exclusion: oklob plant, demibob's ghost, journeyman DsWn
Abyss:1 Dowan; FexLirch's ghost, journeyman VSBr; Maggie


Innate Abilities, Weirdness & Mutations

You are immune to sickness and miasma.
You are immune to poison.
Your flesh is very heat resistant. (rF++)
You are vulnerable to cold. (rC-)
You float through the air rather than walking.
You learn spells naturally, not from books.
Your magical power is your life essence.
You have superior vitality. (+4 MHP)


Message History

You are too injured to fight recklessly!
You are too injured to fight recklessly!
You puncture the death yak!
The death yak is heavily wounded.
The death yak blinks!
You impale the death yak!!
Space warps horribly around the death yak!
The death yak is moderately wounded.
The death yak closely misses you. The death yak gores you!
You hit the death yak.
Space warps around the death yak.
The death yak is heavily wounded.
The death yak gores you!
* * * LOW HITPOINT WARNING * * *
The death yak gores you but does no damage.
You feel very mighty all of a sudden.
The death yak gores you but does no damage.
The death yak gores you!
* * * LOW HITPOINT WARNING * * *
You feel better. The death yak gores you.
* * * LOW HITPOINT WARNING * * *
The death yak gores you.
* * * LOW HITPOINT WARNING * * *
Okay, then.
The death yak attacks as you move away! The death yak closely misses you.
The death yak gores you!
* * * LOW HITPOINT WARNING * * *
The death yak attacks as you move away! The death yak closely misses you.
The death yak attacks as you move away! The death yak closely misses you.
The death yak attacks as you move away! The death yak gores you.
* * * LOW HITPOINT WARNING * * *
As you read the scroll labelled IRIUWA KYFUE, it crumbles to dust.
The creatures around you are filled with an inner flame!
It was a scroll of immolation.
The death yak closely misses you.
As you read the scroll labelled HOUPNI SOEWNIC, it crumbles to dust.
A profound silence engulfs you.
It was a scroll of silence.
The death yak gores you but does no damage.
The death yak misses you. The death yak attacks as you move away!
The death yak misses you. The death yak attacks as you move away!
The death yak gores you!
You die...

....................<.....#
.....###...P....###P.##...#
#...###....##P..P######...#
....# #...###P...## ###..##
#...# ##... #...#.###....##
P..... #....#...#..#......#
..........................##
................YY.........#
.....# .....###.@...##...P##
....# #....#.##....#
...######...#.#....# ..
#....#P#P.<.#..#...# ..
...................# ..
................## ..#
..#..#...........# ...##
...##............# ..#.#
..####...........#


You could see 2 death yaks.

Vanquished Creatures
  A very ugly thing (Lair:3)
  Erolcha (D:11)
  3 hydras
  A boulder beetle (D:12)
  A death yak (Lair:5)
  A two-headed ogre (D:8)
  A fire crab (shapeshifter) (Lair:3)
  A skyshark (Lair:5)
  2 ugly things (Lair:3)
  2 manticores (D:12)
  3 elephants (Lair:3)
  8 cane toads
  4 rime drakes
  A gargoyle (D:10)
  4 black mambas
  A kobold demonologist (D:10)
  2 unseen horrors (D:12)
  8 komodo dragons
  An ancient zyme (Lair:3)
  2 trolls
  2 tyrant leeches (Lair:2)
  A hornet (D:9)
  Prince Ribbit (D:7)
  14 blink frogs
  2 jumping spiders (Lair:3)
  A spriggan (Lair:3)
  3 wraiths
  A vampire (D:12)
  37 yaks
  2 shadows
  5 wyverns
  4 fire bats (Lair:1)
  2 steam dragons
  Grum (D:8)
  4 basilisks
  A chaos spawn (Lair:3)
  Menkaure (D:7)
  A redback (Lair:3)
  A swamp worm (Lair:2)
  11 water moccasins
  2 acid dragons
  Duvessa (D:7)
  A sky beast (D:7)
  3 ice beasts
  An ogre (D:5)
  3 orc warriors (Bailey)
  2 black bears
  16 wolves
  3 centaurs
  5 phantoms
  3 elf zombies (Ossuary)
  5 kobold brigands
  14 bullfrogs
  3 scorpions
  8 killer bees
  5 howler monkeys
  2 electric eels
  4 human zombies (Ossuary)
  3 centaur zombies (Ossuary)
  3 hounds
  8 orc priests
  2 jellies (D:5)
  A gnoll bouda (D:7)
  10 iguanas
  A sleepcap (D:4)
  8 orc wizards
  5 ogre zombies (D:11)
  3 mummies (Ossuary)
  7 adders
  6 gnolls
  A shadow imp (D:8)
  A white imp (D:6)
  41 orcs
  8 endoplasms
  4 giant cockroaches
  10 goblins
  6 hobgoblins
  4 jackals (D:3)
  2 quokkas
  2 ball pythons
  7 bats
  2 frilled lizards
  A goblin skeleton (D:11)
  4 goblin zombies (D:11)
  3 hobgoblin zombies (D:11)
  55 kobolds
  An orc skeleton (D:11)
  16 orc zombies (D:11)
  5 rats
454 creatures vanquished.

Vanquished Creatures (collateral kills)
  A molten gargoyle (Lair:1)
  A troll (D:12)
  A wraith (D:12)
  A fire bat (Lair:1)
  A basilisk (D:12)
  A water moccasin (Lair:1)
6 creatures vanquished.

Vanquished Creatures (others)
  A fire bat (Lair:1)
  2 bushes (D:10)
  17 fungi
  64 plants
84 creatures vanquished.

Grand Total: 544 creatures vanquished

Notes
Turn   | Place    | Note
-------+----------+-------------------------------------------
     0 | D:1      | meatpath the Djinni Gladiator began the quest for the Orb.
     0 | D:1      | Reached XP level 1. HP: 18/18 MP: 0/0
   209 | D:1      | Reached XP level 2. HP: 17/23 MP: 0/0
   727 | D:2      | Found a burning altar of Makhleb.
   756 | D:2      | Became a worshipper of Makhleb the Destroyer
   846 | D:2      | Reached XP level 3. HP: 27/29 MP: 0/0
   846 | D:2      | Learned a level 1 spell: Sting
  1479 | D:3      | Noticed a scorpion
  1488 | D:3      | Killed a scorpion
  1489 | D:3      | Reached skill level 3 in Fighting
  1489 | D:3      | Reached XP level 4. HP: 21/35 MP: 0/0
  1489 | D:3      | Reached XP level 5. HP: 25/40 MP: 0/0
  1489 | D:3      | Learned a level 2 spell: Poisonous Vapours
  1923 | D:3      | Reached * piety under Makhleb
  2309 | D:3      | Upgraded the game from 0.30-a0-1112-gfb780f5df6 to
                  | 0.30-a0-1114-gd936c97349
  2346 | D:4      | Noticed Darkkill's ghost (amateur MiHu)
  2352 | D:4      | Noticed a centaur
  2353 | D:4      | Found a runed translucent gate.
  2353 | D:4      | Found a runed translucent gate.
  2353 | D:4      | Found a runed translucent gate.
  2373 | D:4      | Reached XP level 6. HP: 47/47 MP: 0/0
  2383 | D:4      | Reached skill level 1 in Spellcasting
  2635 | D:4      | Found Fonofepe's Tremendous Tomes.
  2700 | D:4      | Reached skill level 4 in Fighting
  2700 | D:4      | Reached skill level 5 in Dodging
  3489 | D:5      | Entered Level 5 of the Dungeon
  3509 | D:5      | Found a sand-covered staircase.
  3517 | Ossuary  | Entered an ossuary
  3535 | Ossuary  | Reached XP level 7. HP: 43/53 MP: 0/0
  3535 | Ossuary  | Learned a level 2 spell: Wereblood
  3589 | Ossuary  | Reached ** piety under Makhleb
  3602 | Ossuary  | Reached skill level 5 in Fighting
  3602 | Ossuary  | Reached XP level 8. HP: 53/59 MP: 0/0
  3888 | D:5      | Reached skill level 6 in Fighting
  3897 | D:5      | Reached skill level 1 in Polearms
  4054 | D:5      | Reached XP level 9. HP: 66/66 MP: 0/0
  4054 | D:5      | Learned a level 3 spell: Confusing Touch
  4194 | D:5      | Found an ornate altar of the Wu Jian Council.
  4581 | D:6      | Reached *** piety under Makhleb
  4590 | D:6      | Reached skill level 7 in Fighting
  4695 | D:6      | Found Potoj's General Store.
  4696 | D:6      | Found Caqi's Armour Shoppe.
  4697 | D:6      | Found Wygecece's Assorted Antiques.
  4707 | D:6      | Found Fyullaux's Assorted Antiques.
  4707 | D:6      | Found Meisis's Armour Emporium.
  4707 | D:6      | Found Waizoric's Weapon Emporium.
  5205 | D:7      | Noticed a hornet
  5206 | D:7      | Found a flagged portal.
  5213 | D:7      | Noticed Maggie
  5221 | D:7      | Banished a hornet
  5228 | D:7      | Banished Maggie
  5240 | Bailey   | Entered a bailey
  5259 | Bailey   | Noticed an orc warlord
  5265 | Bailey   | Reached XP level 10. HP: 76/76 MP: 0/0
  5295 | Bailey   | Noticed an orc knight
  5315 | Bailey   | Banished an orc knight
  5316 | Bailey   | Reached skill level 8 in Fighting
  5430 | Bailey   | Found a runed translucent gate.
  5432 | Bailey   | Found a runed translucent gate.
  5434 | Bailey   | Found a runed translucent gate.
  5765 | D:7      | Noticed Prince Ribbit
  5775 | D:7      | Killed Prince Ribbit
  5806 | D:7      | Found a staircase to the Ecumenical Temple.
  5914 | D:7      | Noticed Menkaure
  5915 | D:7      | Found a hazy altar of Hepliaklqana.
  5932 | D:7      | Reached skill level 5 in Polearms
  5939 | D:7      | Killed Menkaure
  5949 | D:7      | Noticed Duvessa
  5957 | D:7      | Noticed Dowan
  5962 | D:7      | Killed Duvessa
  5962 | D:7      | Reached **** piety under Makhleb
  5964 | D:7      | Banished Dowan
  6091 | D:7      | Found a sparkling altar of Nemelex Xobeh.
  6091 | D:7      | Found a shimmering altar of Xom.
  6099 | D:7      | Found a glowing silver altar of Zin.
  6101 | D:7      | Found a faded altar of an unknown god.
  6103 | D:7      | Found a glowing golden altar of the Shining One.
  6154 | D:7      | Reached skill level 10 in Dodging
  6239 | D:7      | Reached skill level 9 in Fighting
  6482 | D:7      | Found a hide-covered altar of Uskayaw.
  7008 | D:8      | Found Puvaitue's Antique Weapon Shop.
  7013 | D:8      | Reached XP level 11. HP: 84/84 MP: 0/0
  7013 | D:8      | Learned a level 5 spell: Fireball
  7013 | D:8      | Found a snail-covered altar of Cheibriados.
  7152 | D:8      | Found a stormy altar of Qazlal.
  7256 | D:8      | Noticed Grum
  7264 | D:8      | Killed Grum
  7600 | D:8      | Noticed a two-headed ogre
  7612 | D:8      | Killed a two-headed ogre
  8018 | D:9      | Reached ***** piety under Makhleb
  8074 | D:9      | Reached skill level 10 in Fighting
  8387 | D:10     | Entered Level 10 of the Dungeon
  8435 | D:10     | Found a shadowy altar of Dithmenos.
  8597 | D:10     | Noticed a sixfirhy
  8598 | D:10     | Noticed a sixfirhy
  9104 | D:10     | Found a staircase to the Lair.
  9962 | D:11     | Reached XP level 12. HP: 90/93 MP: 0/0
 10025 | D:11     | Reached skill level 11 in Fighting
 10102 | D:11     | Reached ****** piety under Makhleb
 10137 | D:11     | Found a staircase to the Orcish Mines.
 10412 | D:11     | Noticed Erolcha
 10422 | D:11     | Killed Erolcha
 10751 | D:12     | Found Milafov's CLEARANCE SALE!.
 10988 | D:12     | Noticed a boulder beetle
 11006 | D:12     | Killed a boulder beetle
 12212 | D:13     | Noticed a six-headed hydra
 12221 | D:13     | Killed a six-headed hydra
 12285 | D:13     | Found a gate to the Vaults.
 12285 | D:13     | Noticed a +9 long sword
 12285 | D:13     | Noticed a +10 long sword
 12559 | Lair:1   | Entered Level 1 of the Lair of Beasts
 12602 | Lair:1   | Noticed demibob's ghost (journeyman DsWn)
 12606 | Lair:1   | Found a transporter.
 12609 | Lair:1   | Found a transporter.
 12647 | Lair:1   | Identified the +1 leather armour of Ethics {rF+ Str+6 Int-2
                  | SInv}
 12668 | Lair:1   | Reached skill level 12 in Fighting
 12750 | Lair:1   | Reached XP level 13. HP: 29/101 MP: 0/0
 12750 | Lair:1   | Learned a level 5 spell: Iskenderun's Battlesphere
 13361 | Lair:1   | Reached skill level 1 in Invocations
 14190 | Lair:2   | Reached skill level 1 in Armour
 14365 | Lair:2   | Identified the +0 chain mail of Impatience {Rampage Will-
                  | Str+2 Int+2}
 14469 | Lair:2   | Reached skill level 13 in Fighting
 14684 | Lair:2   | Found a staircase to the Swamp.
 15415 | Lair:3   | Found the +6 arbalest "Damnation" {damnation}
 15545 | Lair:3   | Reached skill level 5 in Armour
 15589 | Lair:3   | Found a hole to the Spider Nest.
 15739 | Lair:3   | Found a one-way gate to the infinite horrors of the Abyss.
 15739 | Lair:3   | Noticed FexLirch's ghost (journeyman VSBr)
 15750 | Lair:3   | Noticed a cyan very ugly thing
 15760 | Lair:3   | Found a transporter.
 15812 | Lair:3   | Found a transporter.
 16107 | Lair:3   | Reached XP level 14. HP: 111/111 MP: 0/0
 16131 | Lair:3   | Killed a red very ugly thing
 16132 | Lair:3   | Reached skill level 14 in Fighting
 16144 | Lair:3   | Banished FexLirch's ghost
 16218 | Lair:3   | Identified the ring of Yqafij {Dex+2 SInv}
 17319 | Lair:5   | Entered Level 5 of the Lair of Beasts
 17835 | Lair:5   | Reached skill level 15 in Fighting
 17878 | Lair:5   | HP: 4/114 [death yak (10)]
 17883 | Lair:5   | HP: 2/114 [death yak (4)]
 17888 | Lair:5   | Mangled by a death yak

Illustrated notes

Levels and vault maps discovered:
D:1:      dpeg_arrival_simpleton_b, layout_basic
D:2:      layout_basic, basic_altar
D:3:      layout_basic
D:4:      layout_basic, serial_glass, glass_columns_c, glass_columns_c,
          gammafunk_ghost_split, nicolae_shop_i_like_big_books, minivault_24,
          nicolae_elevator_lobby_plus
D:5:      layout_basic, nicolae_wu_jian_immortal_techniques,
          nicolae_ossuary_entry_monument, hangedman_decor_riveting,
          minmay_misc_feat_four_crosses
D:6:      layout_rooms, serial_glass, glass_columns_a, glass_columns_a,
          minivault_4, nicolae_shop_national_dungeon_mall, kennysheep_potato
D:7:      minmay_razor_zed, layout_basic, general_overflow_altar,
          kennysheep_mini_moat, chequers_temple_overflow_minitemple,
          minmay_temple_entry_sparse_star, enter_bailey_5, uniq_menkaure,
          uniq_maggie, uniq_duvessa, uniq_prince_ribbit1
D:8:      kennysheep_kobold_camp, layout_basic,
          chequers_temple_overflow_statue_of_worship, serial_shops, shop,
          uniq_grum
D:9:      layout_basic, kennysheep_boxes
D:10:     layout_grid_maze, grunt_dithmenos_shadows, nicolae_vehumet_radiance,
          minmay_lair_entry_grove
D:11:     layout_roguey, zombieorc2_lemuel, uniq_erolcha
D:12:     layout_stronghold, nicolae_shop_clearance
D:13:     layout_irregular_city, erik_vaults_1
Lair:1:   layout_gridlike, nzn_ghost_randoct, st_stairs_11
Lair:2:   layout_regular_city, minmay_swamp_entry_worms, grunt_megastairs_4,
          serial_bayou_shore_a
Lair:3:   layout_regular_city, spider_nest_entry_a,
          gammafunk_ghost_abyssal_escape, infiniplex_staircase_pool,
          grunt_megastairs_2, serial_bayou_shore_b
Lair:4:   layout_cave_shapes, minivault_27, grunt_megastairs_3
Lair:5:   evilmike_catoblepas_cave, layout_small_grid,
          minmay_slime_entry_jelly_boxes

Skill      XL: |  1  2  3  4  5  6  7  8  9 10 11 12 13 14 |
---------------+-------------------------------------------+-----
Long Blades    | 3 |  3.5
Fighting       | 3 4 5 6 7 9 10 12 13 15 | 15.0
Dodging        | 4 5 6 7 8 10 11 13 14 | 14.0
Spellcasting   | 2 3 |  3.5
Polearms       | 1 3 5 7 8 9 |  9.0
Invocations    | 3 |  3.0
Armour         | 5 8 |  8.3
Throwing       | |  1.5

Action                     |  1- 3 |  4- 6 |  7- 9 | 10-12 | 13-15 || total
---------------------------+-------+-------+-------+-------+-------++-------
  Melee: Long sword        |   125 |   124 |       |       |       ||   249
         Punch             |     2 |     2 |     2 |     4 |    11 ||    21
         Demon trident     |       |    29 |   172 |   568 |   504 ||  1273
   Cast: Sting             |     2 |       |       |       |       ||     2
         Poisonous Vapours |       |     2 |     1 |     2 |       ||     5
    Use: Scroll            |     4 |     5 |     8 |     9 |    10 ||    36
         Potion            |       |       |       |     6 |     2 ||     8
   Stab: Sleeping          |       |     1 |     3 |     4 |       ||     8
         Distracted        |       |       |       |     2 |       ||     2
 Armour: Leather armour    |    64 |    55 |    27 |    11 |       ||   157
         Acid dragon scale |       |       |       |    99 |    15 ||   114
         Ice dragon scales |       |       |       |       |    93 ||    93
  Dodge: Dodged            |   105 |   113 |    80 |   305 |   317 ||   920

Table legend: (Time is in decaauts)
 A = Elapsed time spent in this place.
 B = Non-inter-level travel time spent in this place.
 C = Inter-level travel time spent in this place.
 D = Time resting spent in this place.
 E = Time spent auto-exploring this place.
 F = Levels seen in this place.
 G = Mean time per level.
                   A        B        C        D        E       F      G
               +--------+--------+--------+--------+--------+-----+--------+
         Total |  17906 |  17437 |    469 |   3374 |   9070 |  20 |  895.3 |
       Dungeon |  12064 |  11683 |    381 |   2008 |   6870 |  13 |  928.0 |
          Lair |   5252 |   5164 |     88 |   1217 |   2136 |   5 | 1050.4 |
       Ossuary |    215 |    215 |      0 |      0 |     53 |   1 |  215.0 |
        Bailey |    375 |    375 |      0 |    149 |     11 |   1 |  375.0 |
               +--------+--------+--------+--------+--------+-----+--------+

Top non-repeatable levels by time:
    D:12: 1624 daAuts
    D:10: 1542 daAuts
     D:4: 1331 daAuts
  Lair:3: 1315 daAuts
  Lair:1: 1259 daAuts
  Lair:2: 1258 daAuts
     D:7: 1257 daAuts
     D:8: 1022 daAuts
  Lair:4: 998 daAuts
     D:3: 968 daAuts
     D:5: 876 daAuts
    D:11: 835 daAuts
     D:1: 734 daAuts
     D:9: 648 daAuts
     D:6: 590 daAuts
